 Dungeon Crawl Stone Soup version 0.31.0-32-g396128a36d (webtiles) character file.

Game seed: 14343165256474493642

107723 Peloso the Peltast (level 16, -19/147 HPs)
             Began as a Minotaur Fighter on Mar 26, 2024.
             Was the Champion of Okawaru.
             Demolished by a spriggan rider
             ... wielding a +0 spear
              (44 damage)
             ... on level 5 of the Lair of Beasts.
             The game lasted 00:56:25 (24147 turns).

Peloso the Peltast (Minotaur Fighter)              Turns: 24147, Time: 00:56:26

Health: -19/147    AC: 22    Str: 23    XL:     16   Next: 1%
Magic:  25/25      EV:  2    Int:  1    God:    Okawaru [******]
Gold:   2178       SH:  0    Dex: 25    Spells: 15/15 levels left

rFire   . . .        b - +0 long sword (heavy)
rCold   + . .        p - +0 buckler
rNeg    + + +        N - +6 acid dragon scales "Onedwe Ycyu" {Rampage rCorr}
rPois   .            h - +1 hat
rElec   .            E - +0 cloak
rCorr   +            v - +0 pair of gloves {Dex+3}
SInv    .            M - +0 pair of boots of the Forgotten Friars {rN+++ Will- Regen+ Int-4}
Will    +....        F - amulet of reflection
Stlth   +++          T - ring of willpower
HPRegen 1.24/turn    K - ring of the Equinox {rC+ MP+9 Dex+6}
MPRegen 0.19/turn

%: reflection, rampage
@: sleeping
A: horns 2, retaliatory headbutt
a: Renounce Religion, Heroism, Finesse, Duel, Receive Weapon, Receive Armour


You were on level 5 of the Lair of Beasts.
You worshipped Okawaru.
Okawaru was exalted by your worship.
You visited 4 branches of the dungeon, and saw 21 of its levels.
You also visited: Bailey, Gauntlet and Volcano.

You collected 2372 gold pieces.
You spent 194 gold pieces at shops.

Inventory:

Hand Weapons
 a - the +4 long sword of Valiance {speed, +Blink rN+}
   (You found it on level 1 of the Orcish Mines)

   rN+:       It protects you from negative energy.
   +Blink:    It lets you blink.
 b - a +0 heavy long sword (weapon)
 c - a +0 scimitar of flaming
Armour
 d - the +10 tower shield of Ignorance {rN+ Int-4}
   (You found it on level 1 of the Orcish Mines)

   Int-4:     It affects your intelligence (-4).
   rN+:       It protects you from negative energy.
 h - a +1 hat (worn)
 p - a +0 buckler (worn)
 q - a +2 chain mail of fire resistance
 v - a +0 pair of gloves of dexterity (worn)
 A - a +0 plate armour of cold resistance
 E - a +0 cloak (worn)
 M - the +0 pair of boots of the Forgotten Friars (worn) {rN+++ Will- Regen+ Int-4}
   (You found it in a Gauntlet)

   Int-4:     It affects your intelligence (-4).
   rN+++:     It renders you almost immune to negative energy.
   Will-:     It decreases your willpower.
   Regen+:    It increases your rate of health regeneration.
 N - the +6 acid dragon scales "Onedwe Ycyu" (worn) {Rampage rCorr}
   (You took it off a minotaur in a Gauntlet)

   rCorr:     It protects you from acid and corrosion.
   Rampage:   It bestows one free step when moving towards enemies.
Jewellery
 l - a +4 ring of protection
 o - an amulet of guardian spirit
 x - a ring of ice
 F - an amulet of reflection (around neck)
 I - the ring of the Ferocious God {rN+++ EV+5 Str-4 Dex+2 SInv}
   (You found it on level 9 of the Dungeon)

   [ring of evasion]

   EV+5:      It affects your evasion (+5).
   Str-4:     It affects your strength (-4).
   Dex+2:     It affects your dexterity (+2).
   rN+++:     It renders you almost immune to negative energy.
   SInv:      It lets you see invisible.
 K - the ring of the Equinox (right hand) {rC+ MP+9 Dex+6}
   (You took it off a minotaur in a Gauntlet)

   [ring of dexterity]

   Dex+6:     It affects your dexterity (+6).
   rC+:       It protects you from cold.
   MP+9:      It affects your magic capacity (+9).
 P - a ring of fire
 S - a ring of resist corrosion
 T - a ring of willpower (left hand)
 Z - a ring of fire
Talismans
 D - a storm talisman
 L - a dragon-blood talisman
Wands
 j - a wand of roots (10)
 m - a wand of digging (9)
 r - a wand of flame (51)
 y - a wand of paralysis (8)
Scrolls
 f - 5 scrolls of poison
 g - 3 scrolls of enchant weapon
 i - a scroll of immolation
 k - a scroll of acquirement
 t - a scroll of summoning
 u - 3 scrolls of fog
 w - 6 scrolls of identify
 C - 2 scrolls of brand weapon
 G - 2 scrolls of vulnerability
 J - 2 scrolls of amnesia
Potions
 e - a potion of mutation
 n - 6 potions of cancellation
 s - 2 potions of attraction
 z - 5 potions of curing
 B - a potion of brilliance
 H - a potion of resistance
 O - 2 potions of berserk rage
 R - a potion of haste
 X - 3 potions of might
 Y - 2 potions of degeneration
Miscellaneous
 Q - a sack of spiders
 U - a phial of floods


   Skills:
 + Level 14.3 Fighting
 + Level 16.4 Long Blades
 + Level 14.9 Armour
 + Level 10.3 Dodging
 + Level 5.4 Stealth
 + Level 16.8 Shields
 + Level 2.1 Invocations
 + Level 2.2 Evocations
 + Level 1.2 Shapeshifting


You had 15 spell levels left.
You didn't know any spells.
Your spell library contained the following spells:

 Spells                   Type           Power      Damage    Failure   Level
 Apportation              Tloc           0%         N/A       65%         1
 Freeze                   Ice            0%         1d3       65%         1
 Magic Dart               Conj           0%         1d3       65%         1
 Necrotise                Necr           0%         1d4       65%         1
 Sandblast                Erth           0%         2d4       65%         1
 Sting                    Conj/Alch      0%         1d3       65%         1
 Ensorcelled Hibernation  Hex/Ice        0%         N/A       80%         2
 Jinxbite                 Hex            0%         N/A       80%         2
 Mercury Vapours          Alch/Air       0%         N/A       80%         2
 Searing Ray              Conj           0%         2d4       80%         2
 Dazzling Flash           Conj/Hex       0%         N/A       95%         3
 Frozen Ramparts          Ice            0%         1d1       95%         3
 Hailstorm                Conj/Ice       0%         3d5       95%         3
 Inner Flame              Hex/Fire       0%         N/A       95%         3
 Passwall                 Erth           0%         N/A       95%         3
 Sigil of Binding         Hex            0%         N/A       95%         3
 Stone Arrow              Conj/Erth      0%         3d7       95%         3
 Volatile Blastmotes      Fire/Tloc      0%         2d10      95%         3
 Brom's Barrelling Bould  Conj/Erth      0%         2d3       100%        4
 Dimensional Bullseye     Hex/Tloc       0%         N/A       100%        4
 Fulminant Prism          Conj/Alch      0%         3d5       100%        4
 Manifold Assault         Tloc           0%         N/A       100%        4
 Olgreb's Toxic Radiance  Alch           0%         N/A       100%        4
 Passage of Golubria      Tloc           0%         N/A       100%        4
 Vhi's Electric Charge    Tloc/Air       0%         N/A       100%        4
 Alistair's Intoxication  Alch           0%         N/A       100%        5
 Arcjolt                  Conj/Air       0%         1d10      100%        5
 Borgnjor's Vile Clutch   Necr/Erth      0%         N/A       100%        5
 Irradiate                Conj/Alch      0%         3d11      100%        5
 Yara's Violent Unravell  Hex/Alch       0%         3d3       100%        5
 Dispersal                Tloc           0%         N/A       100%        6
 Eringya's Noxious Bog    Alch           0%         4d6       100%        6
 Starburst                Conj/Fire      0%         6d3       100%        6
 Disjunction              Tloc           0%         N/A       100%        8
 Ignition                 Fire           0%         3d3       100%        8
 Maxwell's Capacitive Co  Air            0%         ∞         100%        8
 Summon Small Mammal      Summ           Unusable   N/A       N/A         1
 Call Canine Familiar     Summ           Unusable   N/A       N/A         3
 Tukima's Dance           Hex            Unusable   N/A       N/A         3
 Animate Dead             Necr           Unusable   N/A       N/A         4
 Summon Forest            Summ/Tloc      Unusable   N/A       N/A         5
 Death Channel            Necr           Unusable   N/A       N/A         6
 Summon Hydra             Summ           Unusable   N/A       N/A         7

Dungeon Overview and Level Annotations

Branches:
Dungeon (13/15)            Temple (1/1) D:6            Lair (5/5) D:8
 Shoals (0/4) Lair:2        Snake (0/4) Lair:3        Slime (0/5) Lair:4
    Orc (2/2) D:9             Elf (0/3) Orc:2        Vaults (0/5) D:13
 Bailey (visited)         Volcano (visited)         Gauntlet (visited)

Altars:
Ashenzari
Cheibriados
Dithmenos
Elyvilon
Fedhas
Gozag
Hepliaklqana
Kikubaaqudgha
Makhleb
Nemelex Xobeh
Okawaru
Qazlal
Ru
Sif Muna
Trog
Uskayaw
Vehumet
Wu Jian
Xom
Yredelemnul
Zin
The Shining One

Shops:
D:2 (   D:12 (   Orc:1 **   Orc:2 (!=([(([*

Annotations:
Lair:4 3 runed translucent doors, TangoThomas's ghost, journeyman DsHu


Innate Abilities, Weirdness & Mutations

You have a pair of horns on your head.
You reflexively headbutt those who attack you in melee.


Message History

The dream sheep headbutts you but does no damage.
You block the spriggan's attack.
Unknown command.
You miss the spriggan.
The spriggan is lightly wounded.
The dream sheep shake their wool and sparkle.
You feel drowsy...
You fall asleep.
The spriggan hits you with a +0 rapier!!
You wake up.
* * * LOW HITPOINT WARNING * * *
You miss the spriggan.
The spriggan is lightly wounded.
You block the dream sheep's attack. The spriggan closely misses you.
You furiously retaliate!
You headbutt the spriggan, but do no damage.
Unknown command.
You miss the spriggan. Your headbutt misses the spriggan.
The spriggan is lightly wounded.
The dream sheep barely misses you. You furiously retaliate!
You headbutt the dream sheep. You block the spriggan's attack.
A spriggan comes into view. It is wielding a +0 rapier.
Unknown command.
Okay, then.
A spriggan rider comes into view. It is wielding a +0 spear.
You block the spriggan's attack.
You see here a black bear corpse.
You block the spriggan's attack.
The spriggan rider shouts!
You see here a wolf corpse.
The spriggan rider completely misses you.
You furiously retaliate!
You headbutt the spriggan rider!
The dream sheep ruffle their wool and motes of dream dust sparkle, to no effect.
You block the spriggan's attack.
You miss the spriggan. You block the dream sheep's attack.
You block the spriggan rider's attack. The spriggan completely misses you.
You furiously retaliate!
You headbutt the spriggan! The spriggan misses you.
The dream sheep shake their wool and sparkle.
You feel drowsy...
You fall asleep.
The spriggan rider hits you with a +0 spear!!!
You die...

♣♣...♣
♣♣♣..♣♣♣
♣......♣
♣...♣♣..♣♣
.....♣
♣♣..♣
..♣.♣ ♣..♣
♣♣.♣ ♣♣.♣
♣. ♣♣i♣ .
♣@i♣ ♣♣Yi♣
♣.Y.♣
♣i♣♣♣
♣♣♣†♣
♣.h♣♣
...hY..♣♣
....Y♣♣
.!..


You could see a spriggan rider, a polar bear, 3 spriggans and 2 dream sheep.

Vanquished Creatures
  A sphinx (D:11)
  A stone giant (Orc:1)
  Azrael (Orc:2)
  Snorg (D:10)
  A minotaur (Gauntlet)
  3 ettins (Orc:1)
  Harold (Lair:2)
  3 hydras
  3 vault guards
  A hell beast (Gauntlet)
  4 centaur warriors
  A tengu warrior (D:13)
  5 two-headed ogres
  2 boulder beetles (D:13)
  11 death yaks (Lair:4)
  2 skysharks
  Sonja (D:11)
  A hell knight (Volcano)
  A sixfirhy (Gauntlet)
  A salamander mystic (Volcano)
  A phantasmal warrior (D:12)
  5 orc knights
  A deep elf pyromancer (D:13)
  A harpy (shapeshifter) (D:12)
  3 ugly things (D:12)
  A worldbinder (Gauntlet)
  14 cyclopes
  A meliai (D:13)
  5 salamanders
  5 kobold blastminers
  Maurice (D:9)
  A gargoyle (D:11)
  2 molten gargoyles (Volcano)
  5 elephants (Lair:4)
  3 black mambas
  9 cane toads
  3 rime drakes
  An unseen horror (D:12)
  3 kobold demonologists (D:12)
  An efreet (D:12)
  A tengu conjurer (D:13)
  5 komodo dragons
  A polar bear (Lair:3)
  3 trolls
  3 merfolk (Lair:2)
  4 hornets
  8 blink frogs (Lair:3)
  Grinder (D:5)
  6 slime creatures
  A wraith (D:9)
  A shadow (D:10)
  3 fire elementals
  3 spriggans (Lair:5)
  6 wyverns
  2 fire bats (Volcano)
  4 basilisks
  61 yaks
  3 steam dragons
  5 wargs
  7 vampire mosquitoes
  2 nagas (Lair:3)
  2 acid dragons
  6 hell hounds
  Pargi (D:3)
  11 water moccasins
  An ice beast (D:8)
  3 black bears
  3 laughing skulls
  36 orc warriors
  4 ogres
  20 wolves
  3 boggarts (Gauntlet)
  12 centaurs
  2 phantoms
  15 bullfrogs
  2 kobold brigands
  A gnoll sergeant (D:7)
  3 scorpions
  10 wights
  9 killer bees
  A howler monkey (D:7)
  2 electric eels (Lair:3)
  9 lava snakes (Volcano)
  3 bombardier beetles
  5 hounds
  4 jellies
  6 orc priests
  2 gnoll boudas (D:5)
  3 sleepcaps
  An iguana (D:7)
  16 orc wizards
  Robin (D:3)
  7 gnolls
  An adder (D:3)
  2 shadow imps (D:7)
  2 white imps (D:8)
  7 ufetubi
  A ribbon worm (D:3)
  53 orcs
  10 endoplasms
  3 giant cockroaches
  17 goblins
  8 hobgoblins
  6 jackals
  11 kobolds
  3 quokkas
  3 ball pythons
  A bat (D:1)
  4 frilled lizards
  7 rats
584 creatures vanquished.

Vanquished Creatures (others)
  An orc (Orc:2)
1 creature vanquished.

Grand Total: 585 creatures vanquished

Notes
Turn   | Place    | Note
-------+----------+-------------------------------------------
     0 | D:1      | Peloso the Minotaur Fighter began the quest for the Orb.
     0 | D:1      | Reached XP level 1. HP: 19/19 MP: 0/0
   165 | D:1      | Reached XP level 2. HP: 23/27 MP: 1/1
   508 | D:1      | Reached XP level 3. HP: 29/33 MP: 2/2
  1181 | D:2      | Found Kicolec's Antique Weapon Shoppe.
  1481 | D:3      | Noticed Robin
  1505 | D:3      | Reached XP level 4. HP: 37/40 MP: 3/3
  1535 | D:3      | Killed Robin
  1841 | D:3      | Reached skill level 1 in Dodging
  1852 | D:3      | Noticed Pargi
  1865 | D:3      | Killed Pargi
  1866 | D:3      | Reached skill level 5 in Armour
  1866 | D:3      | Reached XP level 5. HP: 29/47 MP: 4/4
  2371 | D:4      | Reached skill level 5 in Shields
  2371 | D:4      | Reached XP level 6. HP: 11/53 MP: 5/5
  2562 | D:4      | Reached skill level 5 in Long Blades
  3072 | D:4      | Noticed an orc warrior
  3085 | D:4      | Killed an orc warrior
  3086 | D:4      | Reached XP level 7. HP: 50/60 MP: 6/6
  3091 | D:4      | Found a bloodstained altar of Trog.
  3206 | D:4      | Found a shimmering blue altar of Sif Muna.
  3210 | D:4      | Got Sif Muna's Parchment of Obstruction
  3665 | D:5      | Entered Level 5 of the Dungeon
  3666 | D:5      | Noticed Grinder
  3667 | D:5      | Found an ornate altar of the Wu Jian Council.
  3677 | D:5      | Killed Grinder
  3678 | D:5      | Reached skill level 5 in Fighting
  3743 | D:5      | Found a basalt altar of Yredelemnul.
  3824 | D:5      | Reached XP level 8. HP: 60/69 MP: 7/7
  3872 | D:5      | Found a stormy altar of Qazlal.
  4065 | D:5      | Reached skill level 1 in Stealth
  4656 | D:6      | Found an opulent altar of Gozag.
  4824 | D:6      | Found a staircase to the Ecumenical Temple.
  4870 | Temple   | Entered the Ecumenical Temple
  4886 | Temple   | Became a worshipper of Warmaster Okawaru
  5580 | D:7      | Noticed a hornet
  5584 | D:7      | Paralysed by a hornet for 2 turns
  5585 | D:7      | Killed a hornet
  5589 | D:7      | Reached * piety under Okawaru
  5590 | D:7      | Reached XP level 9. HP: 24/78 MP: 8/8
  5709 | D:7      | Found a flagged portal.
  5734 | Bailey   | Entered a bailey
  6940 | Bailey   | Noticed an orc knight
  6954 | Bailey   | Killed an orc knight
  6954 | Bailey   | Reached ** piety under Okawaru
  6968 | Bailey   | Reached skill level 10 in Long Blades
  7648 | D:7      | Reached *** piety under Okawaru
  7649 | D:7      | Reached XP level 10. HP: 88/88 MP: 9/9
  7652 | D:7      | Reached skill level 10 in Armour
  7833 | D:7      | Noticed a two-headed ogre
  7870 | D:7      | Killed a two-headed ogre
  7870 | D:7      | Reached **** piety under Okawaru
  7870 | D:7      | Found a white marble altar of Elyvilon.
  8178 | D:7      | Found a snail-covered altar of Cheibriados.
  8478 | D:7      | Found a hide-covered altar of Uskayaw.
  8479 | D:7      | Found a sparkling altar of Nemelex Xobeh.
  8817 | D:8      | Found a shadowy altar of Dithmenos.
  8878 | D:8      | Reached skill level 1 in Invocations
  8943 | D:8      | Found a staircase to the Lair.
  9382 | D:9      | Noticed Maurice
  9894 | D:9      | Maurice stole a storm talisman
  9903 | D:9      | Killed Maurice
  9903 | D:9      | Reached ***** piety under Okawaru
 10091 | D:9      | Found a glowing silver altar of Zin.
 10135 | D:9      | Received a gift from Okawaru
 10244 | D:9      | Found a staircase to the Orcish Mines.
 10474 | D:9      | Found a broken altar of Ashenzari.
 10553 | D:9      | Identified the ring of the Ferocious God {rN+++ EV+5 Str-4
                  | Dex+2 SInv}
 10658 | D:10     | Entered Level 10 of the Dungeon
 10710 | D:10     | Reached XP level 11. HP: 83/97 MP: 10/10
 11002 | D:10     | Paralysed by a hornet for 2 turns
 11060 | D:10     | Noticed Snorg
 11072 | D:10     | Killed Snorg
 11321 | D:10     | Received a gift from Okawaru
 11875 | D:11     | Noticed a centaur warrior
 11880 | D:11     | Killed a centaur warrior
 11885 | D:11     | Noticed Sonja
 11892 | D:11     | Killed Sonja
 12094 | D:11     | Noticed a two-headed ogre
 12103 | D:11     | Killed a two-headed ogre
 12414 | D:11     | Noticed a two-headed ogre
 12421 | D:11     | Killed a two-headed ogre
 12421 | D:11     | Received a gift from Okawaru
 12700 | Lair:1   | Entered Level 1 of the Lair of Beasts
 12776 | Lair:1   | Found a gate leading to a gauntlet.
 12804 | Lair:1   | Reached XP level 12. HP: 17/106 MP: 12/12
 13003 | Gauntlet | Entered a Gauntlet
 13003 | Gauntlet | Found a transporter.
 13014 | Gauntlet | Found a transporter.
 13016 | Gauntlet | Found a transporter.
 13018 | Gauntlet | Found a transporter.
 13033 | Gauntlet | Found a transporter.
 13049 | Gauntlet | Found a transporter.
 13057 | Gauntlet | Found a transporter.
 13062 | Gauntlet | Noticed a balrug
 13077 | Gauntlet | Found a transporter.
 13092 | Gauntlet | Found a transporter.
 13145 | Gauntlet | Found a transporter.
 13152 | Gauntlet | Noticed a hell beast
 13154 | Gauntlet | Found a transporter.
 13159 | Gauntlet | Found a transporter.
 13185 | Gauntlet | Found a transporter.
 13193 | Gauntlet | Found a transporter.
 13193 | Gauntlet | Found a transporter.
 13216 | Gauntlet | Found a transporter.
 13217 | Gauntlet | Noticed a balrug
 13221 | Gauntlet | Found a transporter.
 13272 | Gauntlet | Found a transporter.
 13464 | Gauntlet | Identified the +6 acid dragon scales "Onedwe Ycyu" {Rampage
                  | rCorr}
 13464 | Gauntlet | Identified the ring of the Equinox {rC+ MP+9 Dex+6}
 13464 | Gauntlet | Noticed a minotaur
 13574 | Gauntlet | Reached skill level 10 in Shields
 13665 | Gauntlet | Reached skill level 10 in Fighting
 13807 | Gauntlet | Killed a hell beast
 13841 | Gauntlet | Identified the +0 pair of boots of the Forgotten Friars
                  | {rN+++ Will- Regen+ Int-4}
 14158 | Gauntlet | Killed a minotaur
 14486 | Lair:1   | Received a gift from Okawaru
 14888 | Lair:2   | Noticed Harold
 14908 | Lair:2   | Killed Harold
 15058 | Lair:2   | Noticed an eight-headed hydra
 15318 | D:12     | Noticed a sphinx
 15320 | D:12     | Received a gift from Okawaru
 15321 | D:12     | Reached skill level 5 in Dodging
 15513 | D:11     | Killed a sphinx
 15666 | D:12     | Noticed a centaur warrior
 15673 | D:12     | Killed a centaur warrior
 15674 | D:12     | Reached XP level 13. HP: 109/116 MP: 13/13
 15744 | D:12     | Identified the staff "Viurr" {^Fragile rElec rF++ Conj}
 15830 | D:12     | Found Loen Ing's Weapon Shoppe.
 15961 | D:12     | Received a gift from Okawaru
 16119 | D:12     | Identified the +1 leather armour "Jutadul" {Str+3 Dex-4}
 16551 | Lair:2   | Reached skill level 15 in Long Blades
 16551 | Lair:2   | Found a staircase to the Shoals.
 16769 | Lair:2   | Reached ****** piety under Okawaru
 16769 | Lair:2   | Received a gift from Okawaru
 16971 | Lair:3   | Found a glowing golden altar of the Shining One.
 17529 | Lair:3   | Found a staircase to the Snake Pit.
 17880 | Lair:3   | Received a gift from Okawaru
 17884 | Lair:3   | Reached skill level 1 in Evocations
 17884 | Lair:3   | Reached skill level 1 in Shapeshifting
 17884 | Lair:3   | Reached XP level 14. HP: 127/127 MP: 14/14
 18048 | Orc:1    | Entered Level 1 of the Orcish Mines
 18095 | Orc:1    | Found Edghor's General Store.
 18275 | Orc:1    | Found Noaneaho's Specific Store.
 18284 | Orc:1    | Bought a potion of degeneration for 12 gold pieces
 18596 | Orc:1    | Reached skill level 5 in Stealth
 18693 | Orc:1    | Noticed a stone giant
 18705 | Orc:1    | Received a gift from Okawaru
 18708 | Orc:1    | Killed a stone giant
 18711 | Orc:1    | Reached XP level 15. HP: 122/134 MP: 15/15
 18745 | Orc:1    | Found the +10 tower shield of Ignorance {rN+ Int-4}
 18748 | Orc:1    | Identified the +1 rapier of Traps {flame, rCorr Str+3
                  | Dex+2}
 18764 | Orc:1    | Found the +5 scythe "Finisher" {speed, execute}
 18769 | Orc:1    | Identified the +4 long sword of Valiance {speed, +Blink
                  | rN+}
 18770 | Orc:1    | Identified the +9 hand axe of the Blessed Realm {protect,
                  | rElec rPois rF-}
 19176 | Orc:2    | Entered Level 2 of the Orcish Mines
 19177 | Orc:2    | Noticed Azrael
 19293 | Orc:2    | Killed Azrael
 19377 | Orc:2    | Received a gift from Okawaru
 19713 | Orc:2    | Found a staircase to the Elven Halls.
 19722 | Orc:2    | Found Veeras's Antique Weapon Shoppe.
 19722 | Orc:2    | Found Ywooseziuf's Weapon Boutique.
 19724 | Orc:2    | Found Limaynoo's Antique Armour Shop.
 19726 | Orc:2    | Found Oruatup's Armour Emporium.
 19812 | Orc:2    | Reached skill level 15 in Shields
 19860 | Orc:2    | Found Buethiuxah's General Store.
 19881 | Orc:2    | Found Momae's Antique Weapon Emporium.
 20259 | Orc:2    | Found Lezemon's Distillery.
 20261 | Orc:2    | Found Ziwniupp's Antique Weapon Boutique.
 20267 | Orc:2    | Bought a potion of heal wounds for 65 gold pieces
 20267 | Orc:2    | Bought a potion of berserk rage for 65 gold pieces
 20267 | Orc:2    | Bought a potion of brilliance for 52 gold pieces
 20361 | Orc:2    | Found Wuxacs's Jewellery Shop.
 21156 | D:13     | Found a gate to the Vaults.
 21288 | D:12     | Received a gift from Okawaru
 22079 | Lair:4   | Found a staircase to the Slime Pits.
 22238 | Lair:4   | Found a dark tunnel.
 22248 | Volcano  | Entered a volcano
 22595 | Volcano  | Found a radiant altar of Vehumet.
 23026 | Lair:4   | Found a runed translucent gate.
 23026 | Lair:4   | Found a runed translucent gate.
 23026 | Lair:4   | Found a runed translucent gate.
 23027 | Lair:4   | Noticed TangoThomas's ghost (journeyman DsHu)
 23154 | Lair:4   | Received a gift from Okawaru
 23442 | Lair:4   | Found a shimmering altar of Xom.
 23864 | Lair:5   | Entered Level 5 of the Lair of Beasts
 23905 | Lair:4   | Reached skill level 10 in Dodging
 24117 | Lair:5   | Reached XP level 16. HP: 25/147 MP: 16/16
 24122 | Lair:5   | HP: 6/147 [dream sheep[a boggart] (21)]
 24147 | Lair:5   | Demolished by a spriggan rider

Illustrated notes

Levels and vault maps discovered:
D:1:      wander_arrival_estate, layout_loops_ring, minmay_pentomino_x2
D:2:      minmay_chambers_of_ones, layout_basic, serial_shops,
          nicolae_diamond_shop
D:3:      layout_basic, minmay_cut_off, uniq_pargi, uniq_robin
D:4:      layout_basic, nzn_overflow_gifts_of_might_and_magic,
          cheibrodos_gnoll_hut
D:5:      layout_rooms, yredelemnul_altar_generic, nicolae_wu_jian_wuxing_cycle,
          mainiacjoe_overflow_six_doors_small, dk_noncrumbling_2, uniq_grinder
D:6:      layout_basic, lemuel_doored_altar, minmay_temple_entry_ruins,
          nicolae_elevator_lobby_asterisk
D:7:      minmay_s_stair_smasher, layout_loops_ring,
          mainiacjoe_overflow_surrounded_room, lemuel_tele_altar,
          gammafunk_temple_overflow_statue, enter_bailey_6, nrook_loot_triangle,
          hellmonk_no_cap
D:8:      nicolae_cairo_tiling_large_dashed, layout_basic,
          mainiacjoe_overflow_alcove_1, erik_lair_orcish_takeover
D:9:      layout_loops_ring, zin_scriptorium, ashenzari_altar_1, orc_0_dummy,
          uniq_maurice
D:10:     layout_roguey, uniq_snorg
D:11:     layout_basic, uniq_sonja
D:12:     minmay_strange_plus, layout_basic, serial_shops, shop,
          minmay_misc_feat_enclosed
D:13:     layout_loops_ring, lightli_vaults_fourway_checkpoint
Temple:   hellmonk_temple_forest_ring
Lair:1:   layout_misc_corridors, gauntlet_entry_generic,
          nicolae_quartered_pool_impasse
Lair:2:   layout_chaotic_city, mainiacjoe_shoals_entry_four_pools,
          amcnicky_mini_pool_medium, uniq_harold
Lair:3:   layout_chaotic_city, alex1729_snake_entry_snake, basic_altar,
          serial_bayou, serial_bayou_pond_d, serial_bayou_lagoon_a,
          serial_bayou_shore_b, serial_bayou_ford_a, serial_bayou_crossing
Lair:4:   layout_cave_pods, minmay_slime_entry_pillars, basic_altar,
          nicolae_volcano_entry_two_sided, ebering_ghost_rock_garden,
          grunt_forest_stairs_basic, pdpol_lair_neglected_garden, minivault_26,
          serial_bayou_shore_a
Lair:5:   minmay_lair_end_enchanted_forest, layout_gridlike,
          gammafunk_ghost_arena
Orc:1:    giant_chief_lemuel, layout_diamond_mine, nicolae_specific_store
Orc:2:    st_orc_rangers, layout_caves, serial_shops,
          nicolae_shop_back_alley_shop, nicolae_shop_tiny_real_fake_doors, shop,
          shop, shop, regret_index_minedec_shroomtown_chain, mines2_david,
          uniq_azrael

Skill      XL: |  1  2  3  4  5  6  7  8  9 10 11 12 13 14 15 |
---------------+----------------------------------------------+-----
Fighting       | 4 5 6 7 9 11 12 14 | 14.3
Armour         | 4 5 6 8 9 11 12 14 | 14.9
Long Blades    | 3 4 5 7 8 10 12 13 14 15 16 | 16.4
Dodging        | 1 2 3 5 7 8 10 | 10.3
Shields        | 4 5 6 7 8 9 12 13 14 16 | 16.8
Stealth        | 1 2 3 4 5 |  5.4
Invocations    | 1 2 |  2.1
Evocations     | 1 2 |  2.2
Shapeshifting  | 1 |  1.2

Action                     |  1- 3 |  4- 6 |  7- 9 | 10-12 | 13-15 | 16-18 || total
---------------------------+-------+-------+-------+-------+-------+-------++-------
  Melee: Long sword        |   107 |   108 |   213 |   567 |   800 |    20 ||  1815
         Headbutt          |    10 |    21 |    34 |   132 |   211 |     6 ||   414
         Scimitar          |       |       |       |       |    20 |       ||    20
 Invoke: Heroism           |       |       |     3 |     7 |     4 |       ||    14
  Evoke: Wand              |       |       |       |     1 |     3 |       ||     4
         Phial of floods   |       |       |       |       |     1 |       ||     1
    Use: Scroll            |     4 |     2 |    13 |     7 |     5 |       ||    31
         Potion            |     2 |     1 |     4 |     3 |     3 |     2 ||    15
   Stab: Paralysed         |       |       |       |     2 |       |       ||     2
         Sleeping          |       |       |       |     2 |     8 |       ||    10
         Invisible         |       |       |       |     1 |       |       ||     1
         Distracted        |       |       |       |       |     1 |       ||     1
 Armour: Scale mail        |    75 |   104 |     8 |       |       |       ||   187
         Plate armour      |       |       |   286 |   405 |       |       ||   691
         Acid dragon scale |       |       |       |   108 |   459 |    14 ||   581
         Chain mail        |       |       |       |       |    50 |       ||    50
  Dodge: Dodged            |    43 |    68 |   132 |   252 |   530 |    11 ||  1036
  Block: Buckler           |    26 |    32 |    80 |   303 |   640 |    11 ||  1092
         Reflection        |       |       |       |     9 |    78 |       ||    87
